 Dungeon Crawl Stone Soup version 0.28.0-49-g6dfe1f597d (webtiles) character file.

Game seed: 3959939930998057058

1189 issech the Magician (level 8, -1/64 HPs)
             Began as a Gnoll Wanderer on May 20, 2022.
             Slain by a fire bat (4 damage)
             ... on level 5 of the Dungeon.
             The game lasted 00:17:15 (5789 turns).

issech the Magician (Gnoll Wanderer)                Turns: 5789, Time: 00:17:18

Health: -1/64      AC: 11    Str: 17    XL:     8   Next: 43%
Magic:  17/17      EV: 14    Int: 10    God:
Gold:   260        SH:  0    Dex: 22    Spells: 18/19 levels left

rFire   + . .      SeeInvis .   y - +0 great sword (protect)
rCold   + . .      Faith    .   (shield currently unavailable)
rNeg    . . .      Spirit   .   B - +5 ring mail of the Gusle {Dex+6}
rPois   +          Reflect  .   (no helmet)
rElec   +          Harm     .   (no cloak)
rCorr   +          Rampage  .   (no gloves)
Will    .....                   (no boots)
Stlth   ++........              (no amulet)
HPRegen 0.20/turn               u - +6 ring of strength
MPRegen 0.15/turn               (no ring)

@: resistant
A: fangs 1, strong nose, distributed training
a: no special abilities


You were on level 5 of the Dungeon.
You visited 1 branch of the dungeon, and saw 5 of its levels.

You collected 260 gold pieces.

Inventory:

Hand Weapons
 a - a +0 rapier
 b - a +0 long sword
 g - a +0 short sword of venom
 v - a +0 shortbow
 w - a +0 hunting sling
 y - a +0 great sword of protection (weapon)
Missiles
 f - 99 stones (quivered)
 i - 11 poisoned darts
 p - 54 arrows
 q - 19 sling bullets
 z - 2 throwing nets
Armour
 B - the +5 ring mail of the Gusle (worn) {Dex+6}
   (You found it on level 5 of the Dungeon)

   Dex:       It affects your dexterity (+6).
Magical Staves
 l - a staff of conjuration
Jewellery
 u - a +6 ring of strength (left hand)
 x - a ring of ice
Wands
 c - a wand of polymorph (4)
Scrolls
 d - 2 scrolls of blinking
 h - a scroll of teleportation
 j - 2 scrolls of brand weapon
 s - 2 scrolls of amnesia
 D - a scroll of immolation
Potions
 e - a potion of brilliance {unknown}
 k - 3 potions of curing {unknown}
 m - a potion of lignification {unknown}
 n - a potion of resistance
 o - a potion of attraction {unknown}
 r - a potion of degeneration {unknown}
Miscellaneous
 C - a piece from Xom's chessboard (15/15)


   Skills:
 + Level 5.7 Fighting
 + Level 5.7 Short Blades
 + Level 3.2 Long Blades
 + Level 3.2 Axes
 + Level 3.2 Maces & Flails
 + Level 3.2 Polearms
 + Level 3.2 Staves
 + Level 3.2 Slings
 + Level 3.2 Bows
 + Level 3.2 Crossbows
 + Level 3.2 Throwing
 + Level 5.7 Armour
 + Level 5.7 Dodging
 + Level 3.2 Stealth
 + Level 3.2 Shields
 + Level 3.2 Unarmed Combat
 + Level 6.0 Spellcasting
 + Level 2.6 Conjurations
 + Level 2.6 Hexes
 + Level 2.6 Summonings
 + Level 2.6 Necromancy
 + Level 2.6 Translocations
 + Level 2.6 Transmutations
 + Level 2.6 Fire Magic
 + Level 2.6 Ice Magic
 + Level 2.6 Air Magic
 + Level 2.6 Earth Magic
 + Level 2.6 Poison Magic
 + Level 3.6 Invocations
 + Level 3.2 Evocations


You had 18 spell levels left.
You knew the following spells:

 Your Spells              Type           Power      Damage    Failure   Level
a - Freeze                Ice            32%        1d5       12%         1

Your spell library contained the following spells:

 Spells                   Type           Power      Damage    Failure   Level
 Sandblast                Erth           16%        2d6       12%         1
 Passwall                 Tmut/Erth      6%         N/A       19%         2
 Inner Flame              Hex/Fire       8%         N/A       34%         3
 Ozocubu's Armour         Ice            8%         N/A       34%         3
 Stone Arrow              Conj/Erth      16%        3d8       34%         3
 Animate Dead             Necr           4%         N/A       75%         4
 Cause Fear               Hex            4%         N/A       75%         4
 Haunt                    Necr/Summ      4%         N/A       100%        7
 Ozocubu's Refrigeration  Ice            4%         4d5       100%        7
 Discord                  Hex            4%         N/A       100%        8
 Infestation              Necr           4%         N/A       100%        8


Dungeon Overview and Level Annotations

Branches:
Dungeon (5/15)
 Temple: D:4-7

Altars:

Shops:
D:3 :

Annotations:
D:5 1 transporter


Innate Abilities, Weirdness & Mutations

You have very sharp teeth.
Your uncanny sense of smell can sniff out nearby items.
Your experience applies equally to all skills.


Message History

The fire bat misses you.
The fire bat bites you but does no damage.
The fire bat barely misses you. The fire bat bites you.
You are engulfed in flames.
You resist.
You slice the fire bat!!
The fire bat is almost dead.
You are engulfed in blazing flames.
You resist. The fire bat bites you.
You are engulfed in flames.
You resist. The fire bat closely misses you. The fire bat barely misses you.
You hit the fire bat.
The fire bat is almost dead.
You are engulfed in blazing flames.
You resist. The fire bat closely misses you. The fire bat misses you.
The fire bat closely misses you. The fire bat barely misses you.
The fire bat bites you but does no damage.
Really walk into that cloud of flame?
Okay, then.
Really walk into that cloud of flame?
You are engulfed in blazing flames.
You resist.
* * * LOW HITPOINT WARNING * * *
The fire bat bites you but does no damage.
The fire bat bites you.
* * * LOW HITPOINT WARNING * * *
You are engulfed in flames.
You resist.
* * * LOW HITPOINT WARNING * * *
The fire bat bites you but does no damage.
You closely miss the fire bat.
The fire bat is almost dead.
You are engulfed in blazing flames.
You resist.
* * * LOW HITPOINT WARNING * * *
The fire bat completely misses you. The fire bat closely misses you.
The fire bat bites you but does no damage.
The fire bat closely misses you. The fire bat misses you.
The fire bat bites you but does no damage.
The fire bat closely misses you.
The fire bat bites you but does no damage.
The fire bat bites you.
* * * LOW HITPOINT WARNING * * *
You are engulfed in flames.
You resist.
You die...

.........# #○°°°°.°# ##.##..
.........## #☼☼#©#☼○# #.####.
.....>....# #°○...○☼# #.# ##
..........###○○#.#°☼# ##.#
...........##°°...°.# #.##
..........#####○'°#### ##.#
..........##.°°☼°○○○○####..#
#........###☼°○°b.○☼○#.##..##
##.......# #☼○○b@.°°°#......#
##.....## #☼○°$)$°○☼#......##
# #.....#
#○○☼(©b☼☼○#.......## #
##...##
############........## ##
#.### #.....©..............##
.####.#
##.....................# ..#
#.## #.......................
..#
#..###..................##...
###
#..##.................#####..


You could see 3 fire bats.

Vanquished Creatures
  The ghost of acdeimund the Digger, an amateur DEEE (D:3)
  Menkaure (D:5)
  A water moccasin (D:5)
  A black bear (D:4)
  A centaur (D:5)
  2 ogres (D:5)
  A phantom (D:4)
  A bullfrog zombie (D:5)
  A jelly (D:5)
  A bullfrog skeleton (D:4)
  3 hounds (D:4)
  2 gnoll shamans
  4 gnolls (D:5)
  5 adders
  A white imp (D:5)
  An ufetubus (D:4)
  A dart slug (D:1)
  6 ball pythons
  4 bats
  2 bat zombies (D:2)
  9 endoplasms
  3 giant cockroaches
  4 goblins
  7 hobgoblins
  7 jackals
  5 kobolds
  2 ball python skeletons (D:2)
  A frilled lizard (D:1)
  A quokka skeleton (D:2)
  A quokka zombie (D:2)
  3 rats
83 creatures vanquished.

Vanquished Creatures (others)
  2 withered plants (D:2)
2 creatures vanquished.

Grand Total: 85 creatures vanquished

Notes
Turn   | Place    | Note
-------+----------+-------------------------------------------
     0 | D:1      | issech the Gnoll Wanderer began the quest for the Orb.
     0 | D:1      | issech set off with the following items: a +0 rapier, a +0
                  | ring mail; and the following spell memorised: Freeze; and
                  | the following spells available to memorise: Ozocubu's
                  | Armour
     0 | D:1      | Reached XP level 1. HP: 20/20 MP: 6/6
    51 | D:1      | Reached XP level 2. HP: 26/26 MP: 7/7
   292 | D:1      | Found a faded altar of an unknown god.
   375 | D:1      | Reached XP level 3. HP: 23/31 MP: 9/9
   604 | D:2      | Reached skill level 5 in Spellcasting
   724 | D:2      | Reached skill level 1 in Invocations
  1071 | D:2      | Reached skill level 1 in Long Blades
  1071 | D:2      | Reached skill level 1 in Axes
  1071 | D:2      | Reached skill level 1 in Maces & Flails
  1071 | D:2      | Reached skill level 1 in Polearms
  1071 | D:2      | Reached skill level 1 in Staves
  1071 | D:2      | Reached skill level 1 in Slings
  1071 | D:2      | Reached skill level 1 in Bows
  1071 | D:2      | Reached skill level 1 in Crossbows
  1071 | D:2      | Reached skill level 1 in Throwing
  1071 | D:2      | Reached skill level 1 in Stealth
  1071 | D:2      | Reached skill level 1 in Shields
  1071 | D:2      | Reached skill level 1 in Unarmed Combat
  1071 | D:2      | Reached skill level 1 in Evocations
  1602 | D:2      | Reached XP level 4. HP: 38/38 MP: 11/11
  2062 | D:3      | Reached skill level 1 in Conjurations
  2062 | D:3      | Reached skill level 1 in Hexes
  2062 | D:3      | Reached skill level 1 in Summonings
  2062 | D:3      | Reached skill level 1 in Necromancy
  2062 | D:3      | Reached skill level 1 in Translocations
  2062 | D:3      | Reached skill level 1 in Transmutations
  2062 | D:3      | Reached skill level 1 in Fire Magic
  2062 | D:3      | Reached skill level 1 in Ice Magic
  2062 | D:3      | Reached skill level 1 in Air Magic
  2062 | D:3      | Reached skill level 1 in Earth Magic
  2062 | D:3      | Reached skill level 1 in Poison Magic
  2261 | D:3      | Found a runed translucent door.
  2262 | D:3      | Noticed acdeimund's ghost (amateur DEEE)
  2333 | D:3      | Found Houg Pou's Book Emporium.
  2542 | D:4      | Reached XP level 5. HP: 36/43 MP: 12/12
  3003 | D:4      | Reached XP level 6. HP: 46/50 MP: 13/13
  3149 | D:4      | Noticed a black bear
  3169 | D:4      | Killed a black bear
  3170 | D:4      | Reached skill level 5 in Fighting
  3170 | D:4      | Reached skill level 5 in Short Blades
  3170 | D:4      | Reached skill level 5 in Armour
  3170 | D:4      | Reached skill level 5 in Dodging
  3625 | D:5      | Entered Level 5 of the Dungeon
  3631 | D:5      | Found a transporter.
  3719 | D:5      | Found a transporter.
  3721 | D:5      | Noticed a fire bat
  3722 | D:5      | Noticed a fire bat
  3723 | D:5      | Noticed a fire bat
  3765 | D:5      | Noticed a water moccasin
  3773 | D:5      | Killed a water moccasin
  3774 | D:5      | Reached XP level 7. HP: 44/56 MP: 15/15
  3954 | D:5      | Identified the +5 ring mail of the Gusle {Dex+6}
  4157 | D:5      | Noticed Menkaure
  4170 | D:5      | Killed Menkaure
  4612 | D:5      | Reached XP level 8. HP: 56/63 MP: 16/16
  5075 | D:3      | Killed acdeimund's ghost
  5076 | D:3      | Reached skill level 6 in Spellcasting
  5789 | D:5      | HP: 3/64 [fire bat (1)]
  5789 | D:5      | Slain by a fire bat

Illustrated notes

Levels and vault maps discovered:
D:1:      dpeg_arrival_short_road, layout_rooms,
          hellmonk_ecumenical_altar_zigzags
D:2:      layout_loops_corners, serial_undead, serial_undead_f, serial_undead_f,
          serial_undead_c, serial_undead_f
D:3:      layout_rooms, ebering_ghost_inner_flame, serial_shops,
          nicolae_lakefront_shop
D:4:      layout_loops_ring, bh_walls_and_bars
D:5:      gammafunk_cloud_chamber, layout_cave_pods, uniq_menkaure

Skill      XL: |  1  2  3  4  5  6  7  8 |
---------------+-------------------------+-----
Spellcasting   | 5 6 |  6.0
Invocations    | 1 2 3 |  3.6
Long Blades    | 1 2 3 |  3.2
Axes           | 1 2 3 |  3.2
Maces & Flails | 1 2 3 |  3.2
Polearms       | 1 2 3 |  3.2
Staves         | 1 2 3 |  3.2
Slings         | 1 2 3 |  3.2
Bows           | 1 2 3 |  3.2
Crossbows      | 1 2 3 |  3.2
Throwing       | 1 2 3 |  3.2
Stealth        | 1 2 3 |  3.2
Shields        | 1 2 3 |  3.2
Unarmed Combat | 1 2 3 |  3.2
Evocations     | 1 2 3 |  3.2
Conjurations   | 1 2 |  2.6
Hexes          | 1 2 |  2.6
Summonings     | 1 2 |  2.6
Necromancy     | 1 2 |  2.6
Translocations | 1 2 |  2.6
Transmutations | 1 2 |  2.6
Fire Magic     | 1 2 |  2.6
Ice Magic      | 1 2 |  2.6
Air Magic      | 1 2 |  2.6
Earth Magic    | 1 2 |  2.6
Poison Magic   | 1 2 |  2.6
Fighting       | 5 |  5.7
Short Blades   | 5 |  5.7
Armour         | 5 |  5.7
Dodging        | 5 |  5.7

Action                   |  1- 3 |  4- 6 |  7- 9 || total
-------------------------+-------+-------+-------++-------
Melee: Rapier            |    68 |       |       ||    68
       Punch             |     1 |     1 |       ||     2
       Bite              |    11 |    12 |     5 ||    28
       Short sword       |    46 |   116 |       ||   162
       Great sword       |       |     5 |    50 ||    55
 Fire: Hunting sling     |       |     1 |       ||     1
       Shortbow          |       |       |     2 ||     2
Throw: Stone             |       |    14 |     9 ||    23
  Use: Scroll            |     1 |     3 |     3 ||     7
       Potion            |       |       |     1 ||     1
Armor: Ring mail         |    44 |    26 |    31 ||   101
       Chain mail        |       |    22 |       ||    22
Dodge: Dodged            |    69 |    73 |    62 ||   204
